 Dungeon Crawl Stone Soup version 0.29.1-12-g30fa7ad0bf (webtiles) character file.

Game seed: 7503542073116046875

73 leafyfresh the Magician (level 4, -2/31 HPs)
             Began as a Djinni Ice Elementalist on Jan 16, 2023.
             Slain by Sigmund
             ... wielding a +1 vorpal scythe
              (4 damage)
             ... on level 2 of the Dungeon.
             The game lasted 00:02:38 (1451 turns).

leafyfresh the Magician (Djinni Ice Elementalist)   Turns: 1451, Time: 00:02:39

Health: -2/31      AC:  2    Str:  7    XL:     4   Next: 51%
Gold:   81         EV: 12    Int: 18    God:
                   SH:  0    Dex: 14

rFire   + + .      SeeInvis .   b - +1 dagger (venom)
rCold   x . .      Faith    .   (no shield)
rNeg    . . .      Spirit   .   a - +0 robe
rPois   ∞          Reflect  .   (no helmet)
rElec   .          Harm     .   (no cloak)
rCorr   .          Rampage  .   (no gloves)
Will    .....                   (boots unavailable)
Stlth   ++........              (no amulet)
HPRegen 0.10/turn               (no ring)
MPRegen 0.00/turn               (no ring)

@: freezing walls, flying
A: sickness immunity, fire resistance 2, cold vulnerability 1, float, innate
caster, HP casting, extra vitality 1
a: no special abilities


You were on level 2 of the Dungeon.
You visited 1 branch of the dungeon, and saw 2 of its levels.

You collected 81 gold pieces.

Inventory:

Hand Weapons
 b - a +1 dagger of venom (weapon)
Armour
 a - a +0 robe (worn)
Wands
 j - a wand of light (5)
Scrolls
 c - a scroll of fear {unknown}
 e - a scroll of teleportation {unknown}
 g - a scroll of vulnerability {unknown}
 h - a scroll of enchant armour {unknown}
Potions
 d - 2 potions of might {unknown}
 f - 3 potions of curing {unknown}
 i - a potion of heal wounds {unknown}


   Skills:
 - Level 2.1 Dodging
 - Level 1.5 Stealth
 + Level 4.5 Spellcasting


You couldn't memorise any spells.
You knew the following spells:

 Your Spells              Type           Power      Damage    Failure   Level
a - Freeze                Ice            80%        1d9       2%          1
b - Frozen Ramparts       Ice            40%        1d7       7%          3
c - Ozocubu's Armour      Ice            20%        N/A       7%          3
d - Hailstorm             Conj/Ice       20%        3d6       22%         4
e - Slow                  Hex            80%        N/A       2%          1
Your spell library was empty.

Dungeon Overview and Level Annotations

Branches:
Dungeon (2/15)

Altars:
Wu Jian

Annotations:
D:2 Sigmund


Innate Abilities, Weirdness & Mutations

You are immune to sickness and miasma.
You are immune to poison.
Your flesh is very heat resistant. (rF++)
You are vulnerable to cold. (rC-)
You float through the air rather than walking.
You learn spells naturally, not from books.
Your magical power is your life essence.
You have superior vitality. (+4 MHP)


Message History

Confirm with . or Enter, or press ? or * to list all spells.
You can't see any susceptible monsters within range! (Use Z to cast anyway.)
There is a strange disturbance nearby!
Unknown command.
Unknown command.
Casting: Ozocubu's Armour (quite dangerous; 7% risk of failure)
Confirm with . or Enter, or press ? or * to list all spells.
You can't see any susceptible monsters within range! (Use Z to cast anyway.)
There is a strange disturbance nearby!
Unknown command.
Casting: Ozocubu's Armour (quite dangerous; 7% risk of failure)
Confirm with . or Enter, or press ? or * to list all spells.
The spell is quite dangerous to miscast (7% risk of failure)!
Continue anyway?
Casting: Frozen Ramparts (quite dangerous; 7% risk of failure)
Press: ? - help, Dir - look around, f - activate The walls around you are covered in ice.
* * * LOW HITPOINT WARNING * * *
The wall freezes something.
You hear some strange, mumbled words.
A puff of flame appears from out of thin air!
The puff of flame misses you.
Unknown command.
Casting: Frozen Ramparts (quite dangerous; 7% risk of failure)
Confirm with . or Enter, or press ? or * to list all spells.
Aiming: Freeze (safe; 2% risk of failure)
Press: ? - help, Shift-Dir - straight line You freeze something.
* * * LOW HITPOINT WARNING * * *
The wall freezes something.
You hear some strange, mumbled words.
A magic dart appears from out of thin air!
The magic dart hits you!
* * * LOW HITPOINT WARNING * * *
Casting: Freeze (safe; 2% risk of failure)
Confirm with . or Enter, or press ? or * to list all spells.
You don't have enough health to cast this spell.
Unknown command.
Your frozen ramparts will break if you move.
Continue?
You miss something.
The wall freezes something.
Something hits you.
You die...

.## .. ##+# ..
##...## ##. #
##.....## .. ...
##.......## .##....
#.........####†..#
+.........'.@{...#
#.........####.....#
#.......## #......
##.....##### .##.##
##†...#...# # #
##)......# #......[#
#..._...# #........#


There were no monsters in sight!

Vanquished Creatures
  Jessica (D:2)
  A gnoll (D:1)
  An adder (D:2)
  A dart slug (D:1)
  A bat (D:1)
  2 endoplasms (D:2)
  2 goblins (D:1)
  4 hobgoblins
  3 jackals (D:2)
  6 kobolds (D:1)
  A frilled lizard (D:1)
  2 rats (D:2)
25 creatures vanquished.

Notes
Turn   | Place    | Note
-------+----------+-------------------------------------------
     0 | D:1      | leafyfresh the Djinni Ice Elementalist began the quest for
                  | the Orb.
     0 | D:1      | leafyfresh set off with the following spells memorised:
                  | Freeze, Frozen Ramparts, Ozocubu's Armour, Hailstorm.
     0 | D:1      | Reached XP level 1. HP: 15/15 MP: 0/0
    81 | D:1      | Reached XP level 2. HP: 11/21 MP: 0/0
   763 | D:2      | Reached skill level 4 in Spellcasting
   763 | D:2      | Reached XP level 3. HP: 24/25 MP: 0/0
   763 | D:2      | Learned a level 1 spell: Slow
  1339 | D:2      | Found an ornate altar of the Wu Jian Council.
  1339 | D:2      | Noticed Jessica
  1345 | D:2      | Killed Jessica
  1346 | D:2      | Reached XP level 4. HP: 24/31 MP: 0/0
  1436 | D:2      | Noticed Sigmund
  1450 | D:2      | HP: 1/31 [something/magic dart (7)]
  1451 | D:2      | Slain by Sigmund

Illustrated notes

Levels and vault maps discovered:
D:1:      mrwooster_arrival_arrow, layout_rooms, glass_columns_a
D:2:      layout_loops_corners, ebering_ecumenical_altar_sacrificial,
          serial_shops, shop, basic_altar, uniq_sigmund, uniq_jessica

Skill      XL: |  1  2 |
---------------+-------+-----
Spellcasting   | 4 |  4.5
Dodging        | |  2.1
Stealth        | |  1.5

Action                   |  1- 3 |  4- 6 || total
-------------------------+-------+-------++-------
Melee: Unarmed           |     4 |       ||     4
       Dagger            |    36 |     4 ||    40
 Cast: Freeze            |     9 |     2 ||    11
       Frozen Ramparts   |     1 |     2 ||     3
       Ozocubu's Armour  |     1 |     1 ||     2
 Stab: Sleeping          |     1 |       ||     1
Armor: Robe              |    11 |     2 ||    13
Dodge: Dodged            |    40 |     8 ||    48
